 Dungeon Crawl Stone Soup version 0.28.0 (webtiles) character file.

Game seed: 2480096443208916869

1142 flotson the Chopper (level 8, 0/61 HPs)
             Began as a Demonspawn Gladiator on Feb 11, 2022.
             Killed from afar by a steam dragon (25 damage)
             ... with a ball of steam
             ... on level 6 of the Dungeon.
             The game lasted 00:16:36 (6682 turns).

flotson the Chopper (Demonspawn Gladiator)          Turns: 6682, Time: 00:16:37

Health: 0/61       AC: 14    Str: 16    XL:     8   Next: 15%
Magic:  8/8        EV: 10    Int: 10    God:
Gold:   219        SH:  0    Dex: 15    Spells: 7/7 levels left

rFire   x . .      SeeInvis .   a - +0 broad axe
rCold   + + .      Faith    .   p - orb {mayhem}
rNeg    . . .      Spirit   .   F - +0 ice dragon scales
rPois   .          Reflect  .   l - +1 helmet
rElec   .          Harm     .   u - scarf {shadows}
rCorr   .          Rampage  .   (no gloves)
Will    .....                   (no boots)
Stlth   ..........              (no amulet)
HPRegen 0.20/turn               (no ring)
MPRegen 0.11/turn               (no ring)

@: no status effects
A: yellow scales 1, powered by death 1
a: no special abilities


You were on level 6 of the Dungeon.
You visited 2 branches of the dungeon, and saw 7 of its levels.
You also visited: Sewer.

You collected 309 gold pieces.
You spent 90 gold pieces at shops.

Inventory:

Hand Weapons
 a - a +0 broad axe (weapon)
 b - a +0 hand crossbow
Missiles
 d - 15 poisoned darts (quivered)
 o - 3 atropa-tipped darts
 w - 11 bolts
Armour
 l - a +1 helmet (worn)
 p - an orb of mayhem (worn)
 u - a scarf of shadows (worn)
 F - +0 ice dragon scales (worn)
Wands
 g - a wand of flame (9)
 k - a wand of acid (5)
 E - a wand of polymorph (7)
Scrolls
 c - a scroll of blinking {unknown}
 e - a scroll of amnesia {unknown}
 f - 7 scrolls of identify
 i - 3 scrolls of teleportation {unknown}
 j - a scroll of brand weapon {unknown}
 n - 2 scrolls of vulnerability {unknown}
 r - a scroll of immolation {unknown}
 v - 2 scrolls of magic mapping {unknown}
 x - a scroll of silence {unknown}
 y - 2 scrolls of enchant weapon {unknown}
 B - a scroll of fear
 C - 2 scrolls of enchant armour {unknown}
Potions
 h - a potion of flight {unknown}
 m - a potion of curing {unknown}
 q - a potion of cancellation {unknown}
 s - a potion of magic {unknown}
 t - 2 potions of haste
 z - a potion of experience {unknown}
 A - a potion of might {unknown}
 D - a potion of degeneration {unknown}


   Skills:
 + Level 4.3 Fighting
 + Level 4.5 Axes
 + Level 4.0 Throwing
 + Level 3.4 Armour
 + Level 4.5 Dodging
 + Level 3.2 Evocations


You had 7 spell levels left.
You didn't know any spells.
Your spell library contained the following spells:

 Spells                   Type           Power      Damage    Failure   Level
 Foxfire                  Conj/Fire      0%         2x1d4     86%         1
 Sandblast                Erth           0%         2d4       86%         1
 Passwall                 Tmut/Erth      0%         N/A       95%         2
 Static Discharge         Conj/Air       0%         N/A       95%         2
 Conjure Flame            Conj/Fire      0%         6-21      99%         3
 Inner Flame              Hex/Fire       0%         N/A       99%         3
 Stone Arrow              Conj/Erth      0%         3d7       99%         3
 Flame Wave               Conj/Fire      0%         2d4       100%        4
 Alistair's Intoxication  Tmut/Pois      0%         N/A       100%        5
 Borgnjor's Vile Clutch   Necr/Erth      0%         N/A       100%        5
 Lightning Bolt           Conj/Air       0%         1d11      100%        5
 Eringya's Noxious Bog    Tmut/Pois      0%         N/A       100%        6
 Maxwell's Capacitive Co  Air            0%         ∞         100%        8


Dungeon Overview and Level Annotations

Branches:
Dungeon (6/15)             Temple (1/1) D:6           Sewer (visited)

Altars:
Ashenzari
Cheibriados
Dithmenos
Fedhas
Makhleb
Nemelex Xobeh
Okawaru
Qazlal
Trog
Wu Jian
Xom
Yredelemnul
The Shining One

Shops:
D:3 :   D:4 **


Innate Abilities, Weirdness & Mutations

You are partially covered in yellow scales. (AC +2)
You regenerate a little health from kills.


Message History

Found a dagger.
You now have 219 gold pieces (gained 9).
f - 7 scrolls of identify (gained 1)
Found 3 atropa-tipped darts.
Found a stone staircase leading down.
An iguana comes into view.
The iguana hisses angrily.
You hear an angry hiss.
You see here 14 gold pieces.
A steam dragon comes into view.
You see here 3 atropa-tipped darts.
o - 3 atropa-tipped darts The iguana barely misses you.
You see here 14 gold pieces.
You barely miss the iguana. The iguana barely misses you.
Unknown command.
You closely miss the iguana. The iguana bites you!
The iguana bites you but does no damage.
Unknown command.
You slash the steam dragon!
The steam dragon is moderately wounded.
You slash the iguana!
The steam dragon bites you but does no damage.
The steam dragon barely misses you.
The iguana bites you but does no damage.
Unknown command.
You hit the iguana.
The iguana is almost dead.
You hit the steam dragon but do no damage.
The iguana hisses menacingly.
The iguana completely misses you. The steam dragon breathes steam at you.
The ball of steam hits you! The steam scalds you terribly!
You hit the iguana but do no damage.
The iguana is almost dead.
You hit the steam dragon.
You are engulfed in a cloud of scalding steam.
The iguana closely misses you. The steam dragon bites you!
The steam dragon completely misses you. The steam dragon breathes steam at you.
The ball of steam hits you!! The steam scalds you terribly!
You die...

.## ... #.#
#.# #####.#
#...§.#
#...§.# #..
#...@.# #.#
#..lD.# ##.#
#..>..#
##.#####
#.###.##
##.##.... ..#
##.# #...#.#.#
### #.##
....#.#.#
#.#.#####.+
.<<...#.#
###.###......#
......#.# ...
##.#####


You could see a steam dragon (catching breath) and an iguana.

Vanquished Creatures
  An ogre (D:5)
  A kobold brigand (Sewer)
  3 scorpions
  2 water moccasin skeletons
  A water moccasin zombie (D:5)
  A bullfrog zombie (D:6)
  A jelly (D:6)
  4 orc priests (D:4)
  A bullfrog skeleton (D:5)
  A hound (D:5)
  A centaur skeleton (D:5)
  2 orc wizards
  A hound zombie (D:5)
  A howler monkey zombie (D:5)
  9 adders
  3 gnolls (D:3)
  6 river rats (Sewer)
  An ufetubus (D:5)
  A worm (D:2)
  4 dart slugs
  14 orcs
  8 ball pythons
  11 endoplasms
  12 giant cockroaches
  10 hobgoblins
  23 kobolds
  4 quokkas
  8 bats
  3 frilled lizards
  5 goblins
  20 rats
163 creatures vanquished.

Vanquished Creatures (collateral kills)
  An orc (D:5)
1 creature vanquished.

Grand Total: 164 creatures vanquished

Notes
Turn   | Place    | Note
-------+----------+-------------------------------------------
     0 | D:1      | flotson the Demonspawn Gladiator began the quest for the
                  | Orb.
     0 | D:1      | Reached XP level 1. HP: 16/16 MP: 1/1
   571 | D:1      | Gained mutation: You are partially covered in yellow
                  | scales. (AC +2) [demonic ancestry]
   571 | D:1      | Reached XP level 2. HP: 19/22 MP: 2/2
  1271 | D:2      | Reached XP level 3. HP: 12/28 MP: 3/3
  1510 | D:2      | Reached skill level 1 in Armour
  1850 | D:2      | Reached XP level 4. HP: 10/34 MP: 4/4
  2753 | D:3      | Found a faded altar of an unknown god.
  2775 | D:3      | Reached skill level 1 in Evocations
  2864 | D:3      | Found Utoemuy's Book Emporium.
  2933 | D:3      | Gained mutation: You regenerate a little health from kills.
                  | [demonic ancestry]
  2933 | D:3      | Reached XP level 5. HP: 40/40 MP: 5/5
  2948 | D:3      | Found a stormy altar of Qazlal.
  2948 | D:3      | Found a shadowy altar of Dithmenos.
  3356 | D:3      | Found a bloodstained altar of Trog.
  3830 | D:4      | Reached XP level 6. HP: 18/47 MP: 6/6
  3890 | D:4      | Found a glowing drain.
  3913 | Sewer    | Entered a sewer
  4695 | D:4      | Reached XP level 7. HP: 31/52 MP: 7/7
  4831 | D:4      | Found Ononaiwokh's General Store.
  4834 | D:4      | Found Susougu's Specific Store.
  4847 | D:4      | Bought a scroll of identify for 24 gold pieces
  4847 | D:4      | Bought a scroll of identify for 24 gold pieces
  4847 | D:4      | Bought a scroll of fear for 42 gold pieces
  5335 | D:5      | Entered Level 5 of the Dungeon
  6057 | D:5      | Found a snail-covered altar of Cheibriados.
  6118 | D:5      | Reached XP level 8. HP: 60/60 MP: 8/8
  6353 | D:6      | Found a staircase to the Ecumenical Temple.
  6361 | Temple   | Entered the Ecumenical Temple
  6682 | D:6      | Killed from afar by a steam dragon

Illustrated notes

Levels and vault maps discovered:
D:1:      kilobyte_arrival_exit_the_forest, layout_basic, minivault_14
D:2:      kennysheep_six_static_rooms, layout_basic, minmay_joined_circles
D:3:      layout_rooms, general_overflow_altar, jmf_multi_god_temple,
          hellmonk_ecumenical_altar_leap_of_faith, serial_shops, shop
D:4:      layout_basic, gup_sewer_entry_pipe, kennysheep_minor_cross,
          wad_floor_pattern_1, nicolae_specific_store
D:5:      layout_loops_ring, mainiacjoe_overflow_six_doors_small
D:6:      layout_loops_ring, gammafunk_temple_overflow_forgotten,
          minmay_temple_entry_mist
Temple:   nicolae_temple_figure_zero

Skill      XL: |  1  2  3  4  5  6  7  8 |
---------------+-------------------------+-----
Throwing       | 2 3 4 |  4.0
Axes           | 3 4 |  4.5
Dodging        | 3 4 |  4.5
Armour         | 1 2 3 |  3.4
Evocations     | 1 2 3 |  3.2
Fighting       | 3 4 |  4.3

Action                   |  1- 3 |  4- 6 |  7- 9 || total
-------------------------+-------+-------+-------++-------
Melee: War axe           |   141 |   204 |       ||   345
       Punch             |     1 |     4 |     1 ||     6
       Whip              |       |    20 |    74 ||    94
       Broad axe         |       |       |    93 ||    93
 Fire: Hunting sling     |     3 |    79 |       ||    82
Throw: Throwing net      |       |     3 |       ||     3
Evoke: Wand              |       |     4 |       ||     4
  Use: Potion            |       |     2 |       ||     2
       Scroll            |       |       |     2 ||     2
Armor: Leather armour    |    24 |       |       ||    24
       Scale mail        |    61 |   167 |    73 ||   301
       Ice dragon scales |       |       |    30 ||    30
Dodge: Dodged            |   112 |   176 |   119 ||   407
